Winsalmostnever, neutral male human Tourist ---- ----------- --.>-------- |.........| |.`.)..)...| |.........| |..-----.-.| |.........| |.`|...|.``| |....<....| |.........-| |.........| |..`....|..| |.........| |.----..--.| |.........| |........|.-- |.........| |.---.-.*...------------.| |...|...-............@.^D| |.........---------------- -----..|..| ------- Winsalmostnever the Excursionist Experience level: 8 Strength: 15 Dexterity: 10 Constitution: 18 Intelligence: 14 Wisdom: 11 Charisma: 14 Health: 0(95) Energy: 35(35) Def: 11 Gold: 1136 Moves: 7079 Dungeon seed: JdwyHkjd9j8cw95Z Game ID: Winsalmostnever_1709053207 Your Inventory: Coins $ - 1136 gold pieces Weapons a - 25 blessed +2 darts (in quiver) q - an uncursed +1 elven short sword named Orcrist (weapon in hand) z - 12 uncursed +1 darts H - 15 uncursed +0 darts L - a blessed +0 dart V - 2 uncursed +2 darts Armor e - an uncursed +0 elven shield (being worn) n - an uncursed +0 elven leather helm of shock immunity (being worn) P - an uncursed +0 dwarvish mithril-coat (being worn) Y - an uncursed rusty +1 pair of iron shoes of cold immunity (being worn) Comestibles b - 4 uncursed fortune cookies f - 2 uncursed lembas wafers g - an uncursed Drug h - 5 uncursed food rations B - an uncursed tin of goblin meat C - 3 uncursed eggs E - 2 uncursed candy bars K - an uncursed apple Scrolls c - an uncursed scroll of blank paper j - 5 uncursed scrolls of magic mapping x - an uncursed scroll of teleportation D - 2 uncursed scrolls of earth W - a blessed scroll of earth Potions v - an uncursed potion of invisibility S - an uncursed potion of extra healing Rings i - an uncursed ring of shock immunity (on left hand) R - an uncursed ring of free action U - an uncursed ring of shock immunity (on right hand) Z - an uncursed +1 ring of gain strength Wands d - a cursed wand of enlightenment (0:9) Q - an uncursed wand of probing (0:3) T - an uncursed wand of undead turning (0:3) X - an uncursed wand of digging (0:6) Tools k - an uncursed credit card l - an uncursed expensive camera (0:97) o - an uncursed tin opener p - an uncursed towel t - an uncursed oil lamp (0:1464) u - an uncursed lock pick A - an uncursed brass lantern (0:1108) M - an uncursed sack Gems N - an uncursed luckstone Spells and supernatural/magical abilities: Name Level Category Cost Memory l - light 1 divination 16pw 96% m - magic missile 2 attack 200pw 96% W - pray for help -- divine ? -- Your skills at the end: Fighting Skills wands [Basic] Weapon Skills short sword [Skilled] dart [Skilled] Spellcasting Skills Final Attributes: You were piously aligned. You were immune to cold. You were immune to electricity. You were poison resistant. You were visible. You aggravated monsters. You had extra luck. Bad luck did not time out for you. Good luck did not time out for you. You last prayed 2482 turns ago. The Lady was noncommittal. You are dead. Vanquished creatures: a tourist a large mimic a small mimic a lynx a leprechaun 2 gnome kings a werewolf a lizard a dog a dingo a dust vortex a snake 3 Woodland-elves 3 fire ants a bugbear 2 imps a wood nymph a water nymph 7 Mordor orcs 2 rock moles 2 ponies a fog cloud 3 gnome lords a gnomish wizard a kobold mummy 2 gray oozes a barrow wight 3 elf zombies a ghoul 3 straw golems a paper golem 9 giant ants a little dog 2 kittens 7 dwarves 2 kobold lords a kobold shaman 8 hill orcs 2 rothes a rabid rat 3 centipedes 2 giant bats a werejackal 3 iguanas 4 acid blobs 4 coyotes 2 gas spores 5 hobbits a hobgoblin 6 giant rats 3 cave spiders a green mold 23 gnomes 3 garter snakes 2 gnome zombies a gecko 9 jackals 2 kobolds 3 goblins 6 sewer rats 6 grid bugs 4 lichens a kobold zombie 5 newts 185 creatures vanquished. Voluntary challenges: You had been an atheist until turn 2088. You used a wielded weapon 276 times, starting on turn 315. You read items or engraved 16 times, starting on turn 586. You never genocided any monsters. You never polymorphed an object. You changed form 2 times, starting on turn 4524. You used no wishes. You never split a pudding. You never wrote Elbereth's name. You violated your moral code, losing 34 points of alignment, starting on turn 1567. Dungeon overview: The Dungeons of Doom: levels 1 to 8 Level 1 many fountains a long staircase Level 2 a delicatessen, a vault stairs to The Gnomish Mines Level 3 an armor shop, a vault Level 4 some fountains Level 5 some sinks Level 6 Level 7 (Ogresmasher) many fountains Level 8 some fountains stairs to Sokoban The Gnomish Mines: levels 3 to 5 Level 3 stairs to The Dungeons of Doom Level 4 Level 5 some shops, a temple to Offler, some fountains Sokoban: levels 6 to 7 Level 6 <- You were here Unsolved Level 7 Solved stairs to The Dungeons of Doom History has recorded: On T:1 you entered the Dungeons of Doom to retrieve the Amulet of Yendor! On T:390 you reached level 2 of The Dungeons of Doom. On T:640 you advanced to experience level 2. On T:928 you reached level 1 of The Gnomish Mines. On T:1049 you advanced to experience level 3. On T:1339 you reached level 2 of The Gnomish Mines. On T:1344 you advanced to experience level 4. On T:1572 you advanced to experience level 5. On T:1961 you reached level 3 of The Gnomish Mines. On T:2468 you advanced to experience level 6. On T:3213 you reached level 3 of The Dungeons of Doom. On T:3887 you reached level 4 of The Dungeons of Doom. On T:4227 you advanced to experience level 7. On T:4297 you reached level 5 of The Dungeons of Doom. On T:4689 you reached level 6 of The Dungeons of Doom. On T:5274 you reached level 7 of The Dungeons of Doom. On T:5742 you reached level 8 of The Dungeons of Doom. On T:5745 you advanced to experience level 8. On T:5937 you reached level 4 of Sokoban. On T:6465 you reached level 3 of Sokoban. Score breakdown: Gold: 319 ( 8521 points) Experience: 8 levels (14739 points) Exploration: 8 levels ( 16.00%) (11338 points) Discoveries: 26 items ( 8.58%) ( 8787 points) Valuables value: (no points given unless you survive) Artifact value: 0 ( 0 points) Variety of kills: 64 monsters ( 16.84%) (12311 points) Turncount: 7079 turns (-1868 points) Survival: died (score multiplied by 80%) Total score: 43062 Latest messages: The gray dragon is blinded by the flash! The gray dragon is blinded. The gray dragon breathes fragments! The blast of missiles hits you! The dart hits the gray dragon. The gray dragon breathes fragments! The blast of missiles hits you! The gray dragon breathes fragments! The blast of missiles hits you! The dart hits the gray dragon. The gray dragon breathes fragments! The blast of missiles hits you! The gray dragon can see again. The dart misses the gray dragon. The gray dragon breathes fragments! The blast of missiles hits you! The gray dragon breathes fragments! The blast of missiles hits you! You die... The sack is empty. Final status: Aloha Winsalmostnever the Tourist, killed by a blast of missiles... You died in Sokoban on dungeon level 6 with 43062 points, and 1136 pieces of gold, after 7079 moves. You were level 8 with a maximum of 95 hit points when you died.